 Dungeon Crawl Stone Soup version 0.27-a0-1147-gb3d8e82157 (webtiles) character file.

Game seed: 10323795224475452248

6218 flyleaff the Thaumaturge (level 10, -6/83 HPs)
             Began as a Djinni Fire Elementalist on May 11, 2021.
             Was a High Priest of Jiyva.
             Killed by the air
             ... invoked by Gastronok
              (15 damage)
             ... on level 10 of the Dungeon on May 12, 2021.
             The game lasted 00:45:08 (11685 turns).

flyleaff the Thaumaturge (DjFE)                    Turns: 11685, Time: 00:45:08

Health: -6/83      AC: 11    Str: 10    XL:     10   Next: 92%
Gold:   13         EV: 16    Int: 18    God:    Jiyva [*****.] SH:  0 Dex: 19

rFire    + + +     SeeInvis .   f - +3 glaive of Denutwin {drain, Fly rF+}
rCold    x x .     Faith    .   (shield currently unavailable)
rNeg     . . .     Spirit   .   p - +0 acid dragon scales
rPois    ∞         Reflect  .   (no helmet)
rElec    .         Harm     .   (no cloak)
rCorr    +         Rampage  .   d - +1 pair of gloves
Will     +....                  (boots unavailable)
Stlth    ++........             (no amulet)
HPRegen  0.23/turn              h - ring of fire
MPRegen  0.00/turn              i - +6 ring of strength

@: mighty, about to teleport, flying
A: sickness immunity, fire resistance 2, cold vulnerability 1, float, innate
caster, hp casting, extra vitality 1, iridescent scales 1, robust 1, acidic bite
a: Renounce Religion, Request Jelly, Slimify, Cure Bad Mutation


You were on level 10 of the Dungeon.
You worshipped Jiyva.
Jiyva was extremely pleased with you.
You visited 1 branch of the dungeon, and saw 10 of its levels.

You collected 158 gold pieces.
You spent 145 gold pieces at shops.

Inventory:

Hand Weapons
 e - a +3 trident of venom
 f - the +3 glaive of Denutwin (weapon) {drain, Fly rF+}
   (You found it on level 9 of the Dungeon)

   A truly terrible weapon, it drains the life of those it strikes.
   It protects you from fire.
   It grants you flight.
Missiles
 j - 14 poisoned darts (quivered)
Armour
 a - a +0 robe
 d - a +1 pair of gloves (worn)
 p - +0 acid dragon scales (worn)
Jewellery
 g - a ring of positive energy
 h - a ring of fire (left hand)
 i - a +6 ring of strength (right hand)
 k - a ring of see invisible
 o - a +6 ring of dexterity
Scrolls
 b - 2 scrolls of magic mapping
 c - a scroll of identify
 l - 2 scrolls of enchant weapon


   Skills:
 + Level 8.0 Fighting
 - Level 0.2 Polearms
 - Level 5.3 Armour
 - Level 8.4 Dodging
 - Level 1.5 Stealth
 - Level 9.3 Spellcasting


You had one spell level left.
You knew the following spells:

 Your Spells              Type           Power      Damage    Failure   Level
a - Foxfire               Conj/Fire      100%       2x1d9     1%          1
b - Conjure Flame         Conj/Fire      58%        6-21      1%          3
c - Inner Flame           Hex/Fire       58%        N/A       1%          3
d - Sticky Flame          Conj/Fire      58%        2d7       2%          4
e - Fireball              Conj/Fire      29%        3d13      8%          5
f - Pain                  Necr           100%       1d9       1%          1
g - Poisonous Vapours     Pois/Air       82%        N/A       1%          2
h - Frozen Ramparts       Ice            82%        1d10      1%          3
i - Iskenderun's Mystic   Conj/Tloc      41%        2d9       2%          4
Your spell library was empty.

Dungeon Overview and Level Annotations

Branches:
Dungeon (10/15)            Temple (0/1) D:4
   Lair: D:8-11         Orc: D:9-12

Altars:
Ashenzari
Cheibriados
Elyvilon
Fedhas
Hepliaklqana
Makhleb
Okawaru
Sif Muna
Trog
Zin
Jiyva

Shops:
D:9 *

Annotations:
D:10 Gastronok, Psyche


Innate Abilities, Weirdness & Mutations

You are immune to sickness and miasma.
You are immune to poison.
Your flesh is very heat resistant. (rF++)
You are vulnerable to cold. (rC-)
You float through the air rather than walking.
You learn spells naturally, not from books.
Your magical power is your life essence.
You have superior vitality. (+4 HP)
You are partially covered in iridescent scales. (AC +2)
You are robust. (+10% HP)
You have acidic saliva.


Message History

You slash Gastronok! You bite Gastronok, but do no damage.
Gastronok is heavily wounded.
The bat barely misses you.
Psyche the Insane Magess comes into view.
She is wielding a +0 dagger of chaos and wearing a +2 robe of cold resistance.
Gastronok bites you!!
Unknown command.
The bat hits you but does no damage. The bat misses you.
Gastronok waves his eye-stalks in wide circles.
The air twists around and strikes you!!
* * * LOW HITPOINT WARNING * * *
You feel very mighty all of a sudden. The bat barely misses you.
Okay, then.
As you read the scroll of teleportation, it crumbles to dust.
You feel strangely unstable.
Psyche giggles crazily.
Casting: Fireball (dangerous; 8% risk of failure)
Confirm with . or Enter, or press ? or * to list all spells.
Aiming: Fireball (dangerous; 8% risk of failure)
Press: ? - help, Shift-Dir - straight line, f/p - Gastronok
Aim: Gastronok, wearing a +2 hat (heavily wounded)
You feel a surge of power!
The fireball explodes!
The fireball engulfs Gastronok!!
Gastronok is severely wounded.
The fireball engulfs the bat!
You kill the bat!
The bat's corpse disappears in a puff of smoke!
* * * LOW HITPOINT WARNING * * *
The bat misses you.
Psyche looks braver for a moment.
Reach: f) +3 glaive of Denutwin {drain, Fly rF+}
Press: ? - help, Dir - move target, f/p - Gastronok
Aim: Gastronok, wearing a +2 hat (severely wounded, about 6% to evade the +3 glaive of Denutwin)
You reach to attack!
You hit Gastronok.
Gastronok is severely wounded.
The bat closely misses you.
Gastronok waves his eye-stalks in wide circles.
The air twists around and strikes you!
You die...

#.# #.# .#
####.######.#####.#
..................#
###.#####.........# #.#
#.........# #.#
#.........# #.#
#.........#
###.#####...=.....######.#
...............b@.w@..>...
##.#######.#####.######...
#.# #.# #.# #.# #<# #.#
#.# #. #.# #†# #. #.# #.#
#. ..# #.# #.# #^#


You could see Gastronok, Psyche and a bat (summoned).

Vanquished Creatures
  The ghost of AtomicRavioli the Tainter, a novice NaVM of Sif Muna (D:7)
  3 hornets
  Prince Ribbit (D:7)
  A shadow (D:9)
  8 yaks
  2 wraiths
  Grum (D:10)
  An acid dragon (D:10)
  Duvessa (D:4)
  2 water moccasins
  2 ice beasts
  4 orc warriors
  A sky beast (D:8)
  2 black bears
  2 necrophages
  3 wolves (D:10)
  3 centaurs
  A jelly (D:9)
  A kobold brigand (D:8)
  2 gnoll sergeants (D:5)
  3 scorpions
  A bullfrog (D:9)
  2 water moccasin skeletons
  Dowan (D:4)
  3 centaur zombies (D:7)
  4 hounds
  7 orc priests
  A centaur skeleton (D:7)
  An iguana (D:6)
  5 orc wizards
  A killer bee zombie (D:6)
  2 hound skeletons
  4 adders
  10 gnolls (D:5)
  A white imp (D:5)
  2 ufetubi
  A worm (D:2)
  A dart slug (D:1)
  26 orcs
  8 ball pythons
  2 endoplasms (D:1)
  6 giant cockroaches
  11 goblins
  7 hobgoblins
  6 kobolds
  3 quokkas
  2 ball python zombies (D:1)
  4 bats
  2 frilled lizards
  5 rats
174 creatures vanquished.

Vanquished Creatures (collateral kills)
  A foxfire (D:4)
1 creature vanquished.

Vanquished Creatures (others)
  Pikel (D:4)
  Joseph (D:7)
  A hornet zombie (D:3)
  A wolf (D:10)
  A centaur (D:8)
  A lemure (D:4)
  A gnoll sergeant (D:5)
  2 bullfrogs
  A scorpion (D:4)
  25 jellies
  A howler monkey (D:6)
  2 orc priests (D:9)
  A bullfrog skeleton (D:7)
  An iguana (D:6)
  A killer bee zombie (D:8)
  Robin (D:4)
  3 gnolls (D:5)
  An adder (D:5)
  A white imp (D:6)
  A worm (D:5)
  An endoplasm (D:4)
  5 orcs
  A giant cockroach (D:4)
  9 goblins (D:4)
  2 hobgoblins (D:4)
  A frilled lizard (D:3)
  319 foxfires
  34 plants (D:4)
420 creatures vanquished.

Grand Total: 595 creatures vanquished

Notes
Turn   | Place    | Note
-------+----------+-------------------------------------------
     0 | D:1      | flyleaff the Djinni Fire Elementalist began the quest for
                  | the Orb.
     0 | D:1      | Reached XP level 1. HP: 15/15 MP: 0/0
   393 | D:1      | Reached XP level 2. HP: 17/22 MP: 0/0
   522 | D:1      | Reached skill level 3 in Spellcasting
   872 | D:1      | Reached skill level 1 in Fighting
  1020 | D:1      | Reached XP level 3. HP: 27/27 MP: 0/0
  1020 | D:1      | Learned a level 1 spell: Pain
  2060 | D:2      | Reached XP level 4. HP: 32/32 MP: 0/0
  2388 | D:2      | Found a faded altar of an unknown god.
  2396 | D:2      | Became a worshipper of Jiyva Jariazeh the Shapeless
  2396 | D:2      | Reached * piety under Jiyva
  2782 | D:3      | Reached ** piety under Jiyva
  2999 | D:3      | Found a snail-covered altar of Cheibriados.
  3515 | D:4      | Killed Robin
  3573 | D:4      | Killed a lemure
  3582 | D:4      | Killed Pikel
  3722 | D:4      | Noticed Dowan
  3873 | D:4      | Killed a scorpion
  3895 | D:4      | Noticed Duvessa
  3907 | D:4      | Noticed a scorpion
  3921 | D:4      | Killed Dowan
  3922 | D:4      | Reached skill level 4 in Spellcasting
  3922 | D:4      | Reached XP level 5. HP: 26/38 MP: 0/0
  3922 | D:4      | Learned a level 2 spell: Poisonous Vapours
  3967 | D:4      | Reached XP level 6. HP: 14/45 MP: 0/0
  3988 | D:4      | Killed Duvessa
  4305 | D:4      | Reached *** piety under Jiyva
  4354 | D:4      | Found a staircase to the Ecumenical Temple.
  4812 | D:5      | Entered Level 5 of the Dungeon
  4812 | D:5      | Noticed a necrophage
  4816 | D:5      | Killed a necrophage
  4817 | D:5      | Reached skill level 5 in Spellcasting
  4817 | D:5      | Reached XP level 7. HP: 47/50 MP: 0/0
  4817 | D:5      | Learned a level 3 spell: Frozen Ramparts
  5017 | D:5      | Gained mutation: You are partially covered in iridescent
                  | scales. (AC +2) [Jiyva's grace]
  5028 | D:4      | Reached skill level 5 in Dodging
  5275 | D:5      | Reached XP level 8. HP: 47/58 MP: 0/0
  5587 | D:5      | Reached skill level 6 in Spellcasting
  5962 | D:5      | Reached **** piety under Jiyva
  5962 | D:5      | Gained mutation: You occasionally shout uncontrollably at
                  | your foes. [Jiyva's grace]
  6623 | D:6      | Reached skill level 1 in Armour
  6757 | D:6      | Reached skill level 5 in Fighting
  7139 | D:7      | Noticed Prince Ribbit
  7143 | D:7      | Killed Prince Ribbit
  7144 | D:7      | Reached skill level 7 in Spellcasting
  7144 | D:7      | Reached XP level 9. HP: 50/65 MP: 0/0
  7144 | D:7      | Learned a level 4 spell: Iskenderun's Mystic Blast
  7242 | D:7      | Gained mutation: You are robust. (+10% HP) [Jiyva's grace]
  7354 | D:7      | Noticed Joseph
  7362 | D:7      | Killed Joseph
  7739 | D:7      | Found a white marble altar of Elyvilon.
  7787 | D:7      | Found a large runed translucent door.
  7787 | D:7      | Found a large runed translucent door.
  7789 | D:7      | Noticed AtomicRavioli's ghost (novice NaVM)
  7812 | D:7      | Killed AtomicRavioli's ghost
  8173 | D:7      | Found a large runed translucent door.
  8174 | D:7      | Found a large runed translucent door.
  8192 | D:7      | Reached skill level 8 in Spellcasting
  8354 | D:7      | Found a hazy altar of Hepliaklqana.
  8360 | D:7      | Found an iron altar of Okawaru.
  8447 | D:7      | Found a bloodstained altar of Trog.
  8447 | D:7      | Found a faded altar of an unknown god.
  8453 | D:7      | Found a blossoming altar of Fedhas.
  8455 | D:7      | Found a broken altar of Ashenzari.
  8457 | D:7      | Found a faded altar of an unknown god.
  9185 | D:8      | Reached XP level 10. HP: 59/80 MP: 0/0
  9220 | D:8      | Reached ***** piety under Jiyva
  9339 | D:8      | Gained mutation: You have acidic saliva. [Jiyva's grace]
  9468 | D:8      | Found a burning altar of Makhleb.
  9484 | D:8      | HP: 2/80 [hornet (8)]
 10091 | D:8      | Found a glowing silver altar of Zin.
 10753 | D:9      | Reached skill level 5 in Armour
 10753 | D:9      | Reached skill level 9 in Spellcasting
 10758 | D:9      | Lost mutation: You occasionally shout uncontrollably at
                  | your foes. [Jiyva's grace]
 11116 | D:9      | Identified the +3 glaive of Denutwin {drain, Fly rF+}
 11199 | D:9      | Found Witeblo's Assorted Antiques.
 11207 | D:9      | Bought a dented garnet amulet for 145 gold pieces
 11533 | D:10     | Entered Level 10 of the Dungeon
 11601 | D:10     | Noticed Grum
 11604 | D:10     | Killed Grum
 11671 | D:10     | Noticed Gastronok
 11679 | D:10     | Noticed Psyche
 11685 | D:10     | Killed from afar by Gastronok

Illustrated notes

Levels and vault maps discovered:
D:1:      saegor_arrival_fortress, layout_basic, hex_intersection
D:2:      layout_basic, basic_ecumenical_altar, kennysheep_decorative_pillar,
          minmay_puff
D:3:      layout_basic, amcnicky_altar_gilded, marbit_many_paths
D:4:      layout_basic, temple_doors_cd, serial_bayou, serial_bayou_shore_b,
          serial_bayou_pond_e, serial_bayou_pond_d, serial_bayou_ford_a,
          serial_bayou_pond_d, serial_bayou_pond_a, uniq_pikel, uniq_duvessa,
          uniq_robin
D:5:      layout_cave_pools
D:6:      layout_cave_pools, minivault_19, grunt_decor_cap,
          wad_floor_pattern_untrapped, corexii_hall_statues_i,
          amcnicky_mini_pool_small
D:7:      layout_cave_pools, overflow_temple_1_default, jmf_multi_god_temple2,
          chequers_temple_overflow_minitemple, ebering_ghost_disaster_area,
          hangedman_decor_points, uniq_joseph, uniq_prince_ribbit1
D:8:      layout_rooms, kennysheep_little_box, lemuel_coloured_pillars_altar
D:9:      layout_basic, serial_shops, shop_fountains
D:10:     layout_small_grid, enter_trove_2, uniq_grum, uniq_gastronok,
          uniq_psyche

Skill      XL: |  1  2  3  4  5  6  7  8  9 10 |
---------------+-------------------------------+-----
Spellcasting   | 3 4 5 7 8 9 |  9.3
Fighting       | 1 2 3 4 5 6 8 |  8.0
Dodging        | 3 4 5 6 7 8 |  8.4
Armour         | 2 4 5 |  5.3
Polearms       | |  0.2
Stealth        | |  1.5

Action                   |  1- 3 |  4- 6 |  7- 9 | 10-12 || total
-------------------------+-------+-------+-------+-------++-------
Melee: Short sword       |     3 |       |       |       ||     3
       Spear             |    14 |    34 |    13 |       ||    61
       Unarmed           |     1 |       |       |       ||     1
       Trident           |       |       |    38 |    26 ||    64
       Glaive            |       |       |       |    18 ||    18
       Bite              |       |       |       |     9 ||     9
Throw: Dart              |       |       |       |     5 ||     5
 Cast: Foxfire           |    59 |    59 |    76 |    22 ||   216
       Conjure Flame     |     1 |     4 |       |     5 ||    10
       Fireball          |       |       |    30 |    36 ||    66
       Frozen Ramparts   |       |       |     3 |     2 ||     5
       Poisonous Vapours |       |       |     2 |       ||     2
       Sticky Flame      |       |       |       |     1 ||     1
  Use: Scroll            |     3 |     1 |     3 |     5 ||    12
       Potion            |       |     1 |     2 |     2 ||     5
 Stab: Sleeping          |     2 |     2 |     1 |       ||     5
Armor: Robe              |     5 |     4 |    24 |     5 ||    38
       Acid dragon scale |       |       |       |     1 ||     1
Dodge: Dodged            |    22 |    19 |    88 |    59 ||   188

Table legend: (Time is in decaauts)
 A = Elapsed time spent in this place.
 B = Non-inter-level travel time spent in this place.
 C = Inter-level travel time spent in this place.
 D = Time resting spent in this place.
 E = Time spent auto-exploring this place.
 F = Levels seen in this place.
 G = Mean time per level.
                   A        B        C        D        E       F      G
               +--------+--------+--------+--------+--------+-----+--------+
         Total |  11705 |  11134 |    571 |    878 |   8902 |  10 | 1170.5 |
       Dungeon |  11705 |  11134 |    571 |    878 |   8902 |  10 | 1170.5 |
               +--------+--------+--------+--------+--------+-----+--------+

Top non-repeatable levels by time:
     D:4: 2211 daAuts
     D:7: 2123 daAuts
     D:1: 1620 daAuts
     D:8: 1298 daAuts
     D:2: 1061 daAuts
     D:9: 999 daAuts
     D:5: 822 daAuts
     D:6: 738 daAuts
     D:3: 668 daAuts
    D:10: 162 daAuts
